 Dungeon Crawl Stone Soup version 0.28-a0-514-g0d7ab7f379 (webtiles) character file.

Game seed: 17220566653012692828

77 siradein the Ducker (level 4, 0/34 HPs)
             Began as a Demonspawn Gladiator on Sept 23, 2021.
             Succumbed to an adder's poison
             ... on level 2 of the Dungeon.
             The game lasted 00:08:48 (2975 turns).

siradein the Ducker (Demonspawn Gladiator)          Turns: 2975, Time: 00:08:49

Health: 0/34       AC:  4    Str: 14    XL:     4   Next: 14%
Magic:  4/4        EV: 12    Int: 14    God:
Gold:   23         SH:  0    Dex: 15    Spells: 3/3 levels left

rFire   + . .      SeeInvis .   a - +0 trident
rCold   . . .      Faith    .   (no shield)
rNeg    . . .      Spirit   .   b - +0 leather armour
rPois   .          Reflect  .   c - +0 helmet
rElec   .          Harm     .   (no cloak)
rCorr   .          Rampage  .   (no gloves)
Will    .....                   (no boots)
Stlth   +.........              (no amulet)
HPRegen 0.11/turn               n - ring of protection from fire
MPRegen 0.09/turn               (no ring)

@: lethally poisoned (0 -> -11)
A: big brain 2
a: no special abilities


You were on level 2 of the Dungeon.
You visited 1 branch of the dungeon, and saw 3 of its levels.

You collected 23 gold pieces.

Inventory:

Hand Weapons
 a - a +0 trident (weapon)
 m - a +0 hunting sling
Missiles
 d - 3 throwing nets
 e - 122 stones
 f - 12 poisoned darts (quivered)
Armour
 b - a +0 leather armour (worn)
 c - a +0 helmet (worn)
Jewellery
 n - a ring of protection from fire (left hand)
 o - a ring of flight
 s - a +6 ring of intelligence
Scrolls
 g - 2 scrolls of identify {unknown}
 l - a scroll of magic mapping {unknown}
 p - a scroll of blinking {unknown}
 q - a scroll of torment {unknown}
 t - a scroll of fog {unknown}
Potions
 h - a potion of haste {unknown}
 i - a potion of magic {unknown}
 j - 2 potions of flight {unknown}
 k - 2 potions of heal wounds {unknown}
 r - a potion of might {unknown}


   Skills:
 + Level 2.8 Fighting
 + Level 3.2 Polearms
 + Level 2.4 Throwing
 + Level 3.2 Dodging


You had 3 spell levels left.
You didn't know any spells.
Your spell library was empty.

Dungeon Overview and Level Annotations

Branches:
Dungeon (3/15)

Altars:

Shops:
D:2 =


Innate Abilities, Weirdness & Mutations

You have an extremely huge brain. (Int +4)


Message History

There are monsters nearby!
There are monsters nearby!
There are monsters nearby!
There are monsters nearby!
There is a stone staircase leading up here.
The adder bites you. The adder closely misses you.
The adder bites you but does no damage.
You climb upwards.
There is a stone staircase leading down here.
You closely miss the adder. The adder bites you.
You are poisoned.
The adder poisons you!
You closely miss the adder.
You feel sick. The adder bites you. x2
You are more poisoned.
The adder poisons you!
You closely miss the adder.
You feel sick. The adder bites you.
You are too injured to fight recklessly!
You are too injured to fight recklessly!
You are too injured to fight recklessly!
You are too injured to fight recklessly!
You miss the adder.
You feel sick. The adder bites you but does no damage. The adder bites you.
You closely miss the adder.
You feel sick. The adder barely misses you.
You hit the adder but do no damage.
You feel sick. The adder bites you.
* * * LOW HITPOINT WARNING * * *
You are lethally poisoned!
The adder poisons you! The adder completely misses you.
You puncture the adder!
The adder is heavily wounded.
* * * LOW HITPOINT WARNING * * *
You feel very sick. The adder bites you.
* * * LOW HITPOINT WARNING * * *
You are more poisoned.
The adder poisons you!
Unknown command.
Unknown command.
You completely miss the adder.
The adder is heavily wounded.
You die...

...##.#.≈.≈.......#
...##..≈≈≈≈≈≈≈#...###########
...#########.....#..........#
...# ###...#.########.###
...# #...#.##### #...#
####### ##........######.#
......# #..##.##........#
#####.# #.S#..##..#######
#####.# #.@.∩.#...# ......#
#######.#.# ####### #.#.####
..# #.#....# #.# #.####.# ..#
#.####.# ### #....#.# #
###.##.# # #....#


You could see an adder.

Vanquished Creatures
  3 adders (D:2)
  2 worms (D:2)
  2 dart slugs (D:2)
  3 ball pythons (D:1)
  3 endoplasms (D:1)
  2 giant cockroaches
  7 goblins
  5 hobgoblins (D:1)
  A quokka (D:1)
  3 bats
  A frilled lizard (D:1)
  3 kobolds
  4 rats
39 creatures vanquished.

Vanquished Creatures (others)
  2 plants (D:2)
2 creatures vanquished.

Grand Total: 41 creatures vanquished

Notes
Turn   | Place    | Note
-------+----------+-------------------------------------------
     0 | D:1      | siradein the Demonspawn Gladiator began the quest for the
                  | Orb.
     0 | D:1      | Reached XP level 1. HP: 16/16 MP: 1/1
   326 | D:1      | Gained mutation: You have an unusually large brain. (Int
                  | +2) [demonic ancestry]
   326 | D:1      | Reached XP level 2. HP: 18/22 MP: 2/2
   858 | D:1      | Gained mutation: You have an extremely huge brain. (Int +4)
                  | [demonic ancestry]
   858 | D:1      | Reached XP level 3. HP: 27/28 MP: 3/3
  2463 | D:2      | Found a faded altar of an unknown god.
  2509 | D:2      | Reached XP level 4. HP: 22/34 MP: 4/4
  2853 | D:2      | Found Vyifoi's Jewellery Shop.
  2975 | D:2      | Succumbed to an adder's poison

Illustrated notes

Levels and vault maps discovered:
D:1:      dpeg_arrival_morbid_curiosity, layout_basic
D:2:      layout_basic, serial_shops, shop, shapermc_ecumenical_altar_acropolis,
          serial_rivers, chequers_serial_rivers_micro_b,
          chequers_serial_rivers_micro_b, chequers_serial_rivers_micro_e,
          chequers_serial_rivers_micro_c, grunt_decor_clamped, minivault_23,
          minmay_misc_feat_columns
D:3:      layout_rooms, bloody_makhleb

Skill      XL: |  1  2 |
---------------+-------+-----
Throwing       | 2 |  2.4
Dodging        | 3 |  3.2
Polearms       | 3 |  3.2
Fighting       | |  2.8

Action                   |  1- 3 |  4- 6 || total
-------------------------+-------+-------++-------
Melee: Trident           |   134 |     9 ||   143
 Fire: Hunting sling     |    15 |       ||    15
Throw: Dart              |     1 |       ||     1
 Stab: Sleeping          |     4 |       ||     4
Armor: Leather armour    |    32 |     2 ||    34
Dodge: Dodged            |    60 |     3 ||    63

Table legend: (Time is in decaauts)
 A = Elapsed time spent in this place.
 B = Non-inter-level travel time spent in this place.
 C = Inter-level travel time spent in this place.
 D = Time resting spent in this place.
 E = Time spent auto-exploring this place.
 F = Levels seen in this place.
 G = Mean time per level.
                   A        B        C        D        E       F      G
               +--------+--------+--------+--------+--------+-----+--------+
         Total |   3000 |   2838 |    162 |    595 |   1878 |   3 | 1000.0 |
       Dungeon |   3000 |   2838 |    162 |    595 |   1878 |   3 | 1000.0 |
               +--------+--------+--------+--------+--------+-----+--------+

Top non-repeatable levels by time:
     D:2: 1825 daAuts
     D:1: 1166 daAuts
     D:3: 7 daAuts
